 Dungeon Crawl Stone Soup version 0.29-a0-824-gd827844252 (webtiles) character file.

Game seed: 6402161051066065626

175 jimonade the Shield-Bearer (level 5, 0/42 HPs)
             Began as a Formicid Fighter on July 9, 2022.
             Succumbed to an adder's poison
             ... in a sewer.
             The game lasted 00:08:25 (3525 turns).

jimonade the Shield-Bearer (Formicid Fighter)       Turns: 3525, Time: 00:08:26

Health: 0/42       AC:  5    Str: 20    XL:     5   Next: 86%
Magic:  7/7        EV:  7    Int: 10    God:
Gold:   84         SH:  6    Dex: 13    Spells: 7/7 levels left

rFire   . . .      SeeInvis +   a - +0 quarterstaff
rCold   . . .      Faith    .   c - +1 buckler
rNeg    . . .      Spirit   .   g - +0 ring mail
rPois   .          Reflect  .   (helmet unavailable)
rElec   .          Harm     .   (no cloak)
rCorr   .          Rampage  .   (no gloves)
Will    .....                   (no boots)
Stlth   +.........              (no amulet)
HPRegen 0.14/turn               (no ring)
MPRegen 0.10/turn               (no ring)

@: mighty, lethally poisoned (0 -> -12), flying, constricted
A: permanent stasis, dig shafts and tunnels, antennae 3, four strong arms
a: Dig


You were in a sewer.
You visited 1 branch of the dungeon, and saw 3 of its levels.
You also visited: Sewer.

You collected 84 gold pieces.

Inventory:

Hand Weapons
 a - a +0 quarterstaff (weapon)
 b - a +0 sling
 p - a +0 dagger of holy wrath
 v - a +1 short sword of speed
 y - a +0 spear
Missiles
 f - 14 stones
Armour
 c - a +1 buckler (worn)
 g - a +0 ring mail (worn)
 m - a +0 scale mail
Jewellery
 n - an amulet of faith
Scrolls
 h - a scroll of fog {unknown}
 z - 2 scrolls of identify
Potions
 d - 2 potions of might
 e - a potion of berserk rage {unknown}
 j - 2 potions of mutation
 k - a potion of ambrosia {unknown}
 o - a potion of lignification {unknown}
 q - a potion of cancellation {unknown}
 s - a potion of brilliance {unknown}
 t - a potion of flight
 u - 2 potions of degeneration {unknown}
 A - a potion of haste {unknown}


   Skills:
 + Level 4.1 Fighting
 + Level 3.3 Staves
 + Level 4.1 Armour
 + Level 0.5 Dodging
 + Level 4.6 Shields
 * Level 1.9 Spellcasting


You had 7 spell levels left.
You didn't know any spells.
Your spell library contained the following spells:

 Spells                   Type           Power      Damage    Failure   Level
 Apportation              Tloc           0%         N/A       54%         1
 Necrotise                Necr           0%         1d4       54%         1
 Summon Small Mammal      Summ           0%         N/A       54%         1


Dungeon Overview and Level Annotations

Branches:
Dungeon (3/15)              Sewer (1/1)

Altars:


Innate Abilities, Weirdness & Mutations

You cannot be hasted, slowed, berserked, paralysed or teleported.
You can dig through walls and to a lower floor.
You have a pair of large antennae on your head. (SInv)
Your four strong arms can wield two-handed weapons with a shield.


Message History

You feel very sick. You block the ball python's attack.
The ball python constricts you. The adder bites you but does no damage.
The river rat bites you. The adder closely misses you.
The ball python barely misses you. The ball python constricts you.
You feel very mighty all of a sudden.
You feel sick. You block the adder's attack. The adder barely misses you.
The river rat bites you but does no damage.
The adder barely misses you. The ball python bites you.
The ball python constricts you. The adder bites you.
You are more poisoned.
The adder poisons you!
You barely miss the adder.
The adder is lightly wounded.
* * * LOW HITPOINT WARNING * * *
You feel very sick. You block the river rat's attack. The adder bites you.
* * * LOW HITPOINT WARNING * * *
You are lethally poisoned!
The adder poisons you! The adder barely misses you.
The ball python bites you but does no damage.
The ball python constricts you.
You thump the adder!
You kill the adder!
* * * LOW HITPOINT WARNING * * *
You feel very sick. The adder closely misses you.
The river rat closely misses you. The ball python bites you.
* * * LOW HITPOINT WARNING * * *
The ball python constricts you.
The ball python bites you but does no damage.
The adder bites you but does no damage.
The river rat bites you but does no damage.
The ball python bites you.
* * * LOW HITPOINT WARNING * * *
The ball python constricts you.
It was a potion of flight.
You feel very buoyant.
You fly up into the air.
You die...

#..≈..###..#
#..†≈.##
#≈≈≈≈≈≈#####
#≈≈≈≈≈≈#
#≈≈≈≈≈≈#
#≈≈≈≈≈≈#
#≈≈≈≈≈≈#
#≈≈≈≈≈≈#
#≈≈≈≈≈≈#
#≈≈≈≈≈≈#
#≈≈≈≈≈≈#
#≈≈≈≈≈≈#
#≈≈≈≈≈≈#
#≈≈≈≈≈≈#
#≈≈≈≈≈≈#
#≈≈≈≈≈≈#
#≈≈≈S@##
#†≈≈≈≈≈#
#≈≈[rSS#
#.≈#≈≈≈#
#≈≈≈≈r≈#
#≈≈≈≈≈≈#
#≈≈≈≈≈≈#
#≈≈≈≈≈≈#
#≈≈≈≈≈≈#
#≈≈#≈≈≈#
#≈≈≈≈≈≈#
#≈≈≈≈≈≈#
#≈≈≈≈≈≈#
#≈≈≈≈≈≈#
#≈≈≈≈≈≈#
#≈≈≈≈≈≈#
##≈.≈≈##
#..≈..##


You could see an adder, a river rat, 2 ball pythons and a rat.

Vanquished Creatures
  4 gnolls (D:2)
  3 adders
  4 river rats (Sewer)
  4 dart slugs
  4 bats
  5 endoplasms
  3 giant cockroaches
  5 goblins
  2 hobgoblins (D:1)
  2 jackals (D:2)
  2 kobolds (D:2)
  A quokka (D:1)
  11 ball pythons
  5 frilled lizards
  19 rats
74 creatures vanquished.

Vanquished Creatures (others)
  2 plants (D:1)
  3 withered plants (D:1)
5 creatures vanquished.

Grand Total: 79 creatures vanquished

Notes
Turn   | Place    | Note
-------+----------+-------------------------------------------
     0 | D:1      | jimonade the Formicid Fighter began the quest for the Orb.
     0 | D:1      | Reached XP level 1. HP: 18/18 MP: 1/1
   149 | D:1      | Reached XP level 2. HP: 24/24 MP: 2/2
   448 | D:1      | Found a faded altar of an unknown god.
  1118 | D:1      | Reached XP level 3. HP: 21/29 MP: 3/3
  1433 | D:2      | Reached skill level 1 in Spellcasting
  1709 | D:2      | Reached XP level 4. HP: 33/35 MP: 5/5
  2631 | D:3      | Found a glowing drain.
  2640 | D:3      | Reached XP level 5. HP: 41/42 MP: 7/7
  2650 | Sewer    | Entered a sewer
  3524 | Sewer    | HP: 2/42 [ball python (1)]
  3525 | Sewer    | Succumbed to an adder's poison

Illustrated notes

Levels and vault maps discovered:
D:1:      dpeg_arrival_signposts, layout_basic,
          shapermc_ecumenical_altar_flowoftime, dk_noncrumbling_2,
          minmay_pentomino_x4
D:2:      layout_basic, wander_ebering_terrifying_dragon_lair
D:3:      layout_basic, good_gods_temple_1, lightli_temple_of_fire,
          gup_sewer_entry_glass, gammafunk_ghost_smash
Sewer:    sewer_minmay_w

Skill      XL: |  1  2  3  4  5 |
---------------+----------------+-----
Spellcasting   | 1 |  1.9
Staves         | 3 |  3.3
Fighting       | 4 |  4.1
Armour         | 4 |  4.1
Dodging        | |  0.5
Shields        | |  4.6

Action                   |  1- 3 |  4- 6 || total
-------------------------+-------+-------++-------
Melee: Quarterstaff      |    91 |   132 ||   223
 Fire: Sling             |       |     7 ||     7
  Use: Scroll            |       |     8 ||     8
       Potion            |       |     2 ||     2
Armor: Scale mail        |     6 |       ||     6
       Ring mail         |    24 |    57 ||    81
Dodge: Dodged            |    34 |    96 ||   130
Block: Buckler           |    10 |    49 ||    59

Table legend: (Time is in decaauts)
 A = Elapsed time spent in this place.
 B = Non-inter-level travel time spent in this place.
 C = Inter-level travel time spent in this place.
 D = Time resting spent in this place.
 E = Time spent auto-exploring this place.
 F = Levels seen in this place.
 G = Mean time per level.
                   A        B        C        D        E       F      G
               +--------+--------+--------+--------+--------+-----+--------+
         Total |   3644 |   3571 |     73 |    968 |   1666 |   4 |  911.0 |
       Dungeon |   2670 |   2597 |     73 |    515 |   1509 |   3 |  890.0 |
         Sewer |    973 |    973 |      0 |    453 |    157 |   1 |  973.0 |
               +--------+--------+--------+--------+--------+-----+--------+

Top non-repeatable levels by time:
     D:1: 1354 daAuts
     D:2: 1241 daAuts
   Sewer: 973 daAuts
     D:3: 74 daAuts
